 Dungeon Crawl Stone Soup version 0.31.0-12-g77e489cdc1 (webtiles) character file.

Game seed: 2852659232979534395

91907 Stirner the Eclecticist (level 16, -1/123 HPs)
             Began as a Djinni Hedge Wizard on Feb 13, 2024.
             Was a High Priest of Ashenzari.
             Slain by a saltling (10 damage)
             ... in the Desolation of Salt.
             The game lasted 05:29:56 (25483 turns).

Stirner the Eclecticist (Djinni Hedge Wizard)      Turns: 25483, Time: 05:29:57

Health: -1/123     AC:  7    Str: 11    XL:     16   Next: 51%
Gold:   732        EV: 17    Int: 29    God:    Ashenzari [*****.] SH: 11 Dex: 14

rFire   + + +        U - staff "Behold Eternity" (curse) {*Corrode +Blink rC+ Str+2 Stlth+ Ice, Sorc, Elem} (curse)
rCold   + + +        d - +0 kite shield "Bound Gloom" {Sorc, Elem} (curse)
rNeg    + . .        y - +2 leather armour "Share My Desperation" {rC+, Bglg, Elem} (curse)
rPois   ∞            a - +0 helmet "Nihilism of Ashenzari" {Self, Bglg} (curse)
rElec   +            t - scarf "Perceptive Pantheism" {rC+ rF+, Cun, Elem} (curse)
rCorr   .            i - +0 pair of gloves of Ashenzari's Vexation {Bglg, Comp} (curse)
SInv    +            (boots unavailable)
Will    ++++.        (no amulet)
Stlth   +++          o - ring "Tethered Vision" {rElec rC+ Int+6, Comp, Sorc} (curse)
HPRegen 0.40/turn    N - ring of the Eternal Paranoia {*Slow rPois rN+ Will+++ SInv, Dev, Fort} (curse)
MPRegen 0.00/turn

%: corrode self (3%), slow self (1%), clarity, infuse magic (-2 HP)
@: about to teleport, flying, studying Dodging
A: sickness immunity, fire resistance 2, cold vulnerability 1, float, innate
caster, HP casting, extra vitality 1
a: Renounce Religion, Evoke Blink, Shatter the Chains


You were in the Desolation of Salt.
You worshipped Ashenzari.
Ashenzari was extremely pleased with you.
You visited 5 branches of the dungeon, and saw 20 of its levels.
You also visited: Desolation.

You collected 1976 gold pieces.
You spent 1244 gold pieces at shops.

Inventory:

Missiles
 f - 12 boomerangs
 O - a throwing net
Armour
 a - the cursed +0 helmet "Nihilism of Ashenzari" (worn) {Self, Bglg}
   (You found it on level 7 of the Dungeon)

   It has a curse which improves the following skills: Introspection: Fighting
   and Spellcasting.
   Beguiling: Hexes and Translocations.
 d - the cursed +0 kite shield "Bound Gloom" (worn) {Sorc, Elem}
   (You took it off a gnoll sergeant on level 10 of the Dungeon)

   It has a curse which improves the following skills: Sorcery: Conjurations and
   Alchemy.
   Elements:  Fire Magic, Ice Magic, Air Magic and Earth Magic.
 i - the cursed +0 pair of gloves of Ashenzari's Vexation (worn) {Bglg, Comp}
   (You found it on level 1 of the Dungeon)

   It has a curse which improves the following skills: Beguiling: Hexes and
   Translocations.
   Companions: Summonings and Necromancy.
 s - the +1 hat "Tuocid" {rC+ rN+}
   (You found it on level 11 of the Dungeon)

   rC+:       It protects you from cold.
   rN+:       It protects you from negative energy.
 t - the cursed scarf "Perceptive Pantheism" (worn) {rC+ rF+, Cun, Elem}
   (You found it on level 2 of the Lair of Beasts)

   It has a curse which improves the following skills: Cunning: Dodging and
   Stealth.
   Elements:  Fire Magic, Ice Magic, Air Magic and Earth Magic.
 y - the cursed +2 leather armour "Share My Desperation" (worn) {rC+, Bglg, Elem}
   (You took it off Ijyb on level 4 of the Dungeon)

   It has a curse which improves the following skills: Beguiling: Hexes and
   Translocations.
   Elements:  Fire Magic, Ice Magic, Air Magic and Earth Magic.
 Q - the +0 pair of gloves of Joy {rElec Str+4}
   (You found it on level 7 of the Dungeon)

   Str+4:     It affects your strength (+4).
   rElec:     It insulates you from electricity.
Magical Staves
 U - the cursed staff "Behold Eternity" (weapon) {*Corrode +Blink rC+ Str+2 Stlth+ Ice, Sorc, Elem}
   (You found it on level 8 of the Dungeon)

   [staff of cold]

   Base accuracy: +5 Base damage: 5 Base attack delay: 1.2 This weapon's minimum
   attack delay (0.6) is reached at skill level 12.
   Str+2:     It affects your strength (+2).
   rC+:       It protects you from cold.
   +Blink:    It lets you blink.
   *Corrode:  It may corrode you when you take damage.
   Stlth+:    It makes you more stealthy.
   Ice:       It increases the power of your Ice spells.
   It falls into the 'Staves' category.
   It is a one-handed weapon.
   It has a curse which improves the following skills: Sorcery: Conjurations and
   Alchemy.
   Elements:  Fire Magic, Ice Magic, Air Magic and Earth Magic.
 V - a staff of earth
Jewellery
 k - a ring of resist corrosion
 o - the cursed ring "Tethered Vision" (left hand) {rElec rC+ Int+6, Comp, Sorc}
   (You found it on level 3 of the Lair of Beasts)

   [ring of intelligence]

   Int+6:     It affects your intelligence (+6).
   rC+:       It protects you from cold.
   rElec:     It insulates you from electricity.
   It has a curse which improves the following skills: Companions: Summonings
   and Necromancy.
   Sorcery:   Conjurations and Alchemy.
 N - the cursed ring of the Eternal Paranoia (right hand) {*Slow rPois rN+ Will+++ SInv, Dev, Fort}
   (You found it on level 7 of the Dungeon)

   [ring of poison resistance]

   rPois:     It protects you from poison rN+: It protects you from negative
   energy.
   Will+++:   It greatly increases your willpower.
   SInv:      It lets you see invisible.
   *Slow:     It may slow you when you take damage.
   It has a curse which improves the following skills: Devices: Evocations and
   Shapeshifting.
   Fortitude: Armour and Shields.
 X - a ring of ice
Talismans
 R - a granite talisman
Wands
 c - a wand of polymorph (7)
 x - a wand of iceblast (1)
 I - a wand of charming (18)
 M - a wand of flame (29)
 S - a wand of light (2)
 W - a wand of digging (5)
Scrolls
 e - a scroll of torment
 g - 2 scrolls of vulnerability
 h - 7 scrolls of revelation
 n - a scroll of acquirement
 q - a scroll of teleportation
 r - a scroll of immolation
 u - 5 scrolls of poison
 A - 2 scrolls of enchant weapon
 B - 3 scrolls of fear
 D - a scroll of brand weapon
 J - 2 scrolls of silence
 K - 2 scrolls of enchant armour
 L - a scroll of fog
Potions
 j - 4 potions of enlightenment
 m - 2 potions of cancellation
 w - 2 potions of haste
 C - 8 potions of brilliance
 F - a potion of lignification
 G - a potion of attraction
 P - a potion of resistance


   Skills:
 + Level 12.0(14.1) Fighting
 - Level 2.3(4.0) Armour
 + Level 12.5(14.6) Dodging
 - Level 2.0(3.6) Stealth
 - Level 8.1(10.3) Shields
 + Level 17.1(19.1) Spellcasting
 + Level 17.1(21.1) Conjurations
 + Level 17.1(21.1) Hexes
 + Level 17.1(20.1) Summonings
 + Level 17.1(20.1) Necromancy
 + Level 17.1(21.1) Translocations
 + Level 17.1(21.9) Fire Magic
 + Level 17.1(21.9) Ice Magic
 + Level 17.1(21.9) Air Magic
 + Level 17.1(21.9) Earth Magic
 + Level 17.1(21.1) Alchemy
 + Level 7.7(9.9) Evocations


You knew the following spells:

 Your Spells              Type           Power      Damage    Failure   Level
a - Magic Dart            Conj           100%       1d8       0%          1
b - Slow                  Hex            100%       N/A       0%          1
c - Blink                 Tloc           100%       N/A       0%          2
d - Call Imp              Summ           100%       N/A       0%          2
e - Mephitic Cloud        Conj/Alch/Air  100%       N/A       0%          3
f - Summon Small Mammal   Summ           100%       N/A       0%          1
g - Momentum Strike       Conj/Tloc      100%       3d10      0%          2
h - Call Canine Familiar  Summ           97%        N/A       0%          3
i - Passage of Golubria   Tloc           100%       N/A       0%          4
j - Animate Dead          Necr           97%        N/A       0%          4
k - Iskenderun's Battles  Conj           100%       2d15      1%          5
l - Plasma Beam           Fire/Air       50%        2x1d65    1%          6
Your spell library was empty.

Dungeon Overview and Level Annotations

Branches:
Dungeon (12/15)            Temple (1/1) D:4            Lair (4/5) D:8
 Shoals (0/4) Lair:2       Spider (0/4) Lair:3          Orc (2/2) D:9
    Elf (1/3) Orc:2       Desolation (1/1)
  Slime: Lair:4-5

Altars:
Ashenzari
Cheibriados
Dithmenos
Elyvilon
Fedhas
Gozag
Hepliaklqana
Makhleb
Nemelex Xobeh
Okawaru
Qazlal
Ru
Trog
Uskayaw
Wu Jian
Xom
Yredelemnul
Zin
The Shining One
Lugonu

Shops:
D:3 *   D:6 :   D:8 *!:   Orc:2 =?(*

Portals:
Pandemonium: Orc:2

Annotations:
D:8 2 transporters


Innate Abilities, Weirdness & Mutations

You are immune to sickness and miasma.
You are immune to poison.
Your flesh is very heat resistant. (rF++)
You are vulnerable to cold. (rC-)
You float through the air rather than walking.
You learn spells naturally, not from books.
Your magical power is your life essence.
You have superior vitality. (+4 MHP)


Message History

The bolt of lightning hits the guardian serpent!
The guardian serpent is moderately wounded.
The fiery plasma hits the guardian serpent!
The guardian serpent is severely wounded.
* * * LOW HITPOINT WARNING * * *
You hear a shout!
Your battlesphere fires!
The barrage of energy hits the guardian serpent!
The guardian serpent is almost dead.
Your battlesphere expends the last of its energy and dissipates.
The guardian serpent coils itself and waves its upper body at you.
The bolt of poison hits you but does no damage.
You resist.
The guardian serpent coils itself and waves its upper body at you.
The bolt of poison hits you but does no damage.
You resist.
Casting: Plasma Beam (mildly dangerous; 1% risk of failure)
Confirm with . or Enter, or press ? or * to list all spells.
Casting: Plasma Beam (mildly dangerous; 1% risk of failure)
Press: ? - help, Dir - look around, f - activate The bolt of lightning misses the guardian serpent.
The fiery plasma misses the guardian serpent.
* * * LOW HITPOINT WARNING * * *
The guardian serpent casts a spell at you.
The bolt of poison hits you but does no damage.
You resist.
Casting: Plasma Beam (mildly dangerous; 1% risk of failure)
Confirm with . or Enter, or press ? or * to list all spells.
Casting: Plasma Beam (mildly dangerous; 1% risk of failure)
Press: ? - help, Dir - look around, f - activate The bolt of lightning misses the guardian serpent.
The fiery plasma hits the guardian serpent!!
You kill the guardian serpent!
* * * LOW HITPOINT WARNING * * *
You start resting.
A saltling is nearby!
As you read the scroll of fog, it dissolves into smoke.
As you read the scroll of teleportation, it crumbles to dust.
You feel strangely unstable. The saltling hits you!
You die...

.......§§..§...§.#######,
.......§..§......#######,
........§.§......#######,
.......§..§§{....#######,
..........§.§§§.§#######,
.........§.§§§§§.#######,
......##..§§§§§§§#######,
...........{§§§§§#######,
........§.....§9@#######,
########################,
########################,
########################,
########################,
########################,
########################,


You could see a saltling.

Vanquished Creatures
  Jorgrun (Orc:2)
  Frances (Elf:1)
  An orc warlord (Orc:2)
  3 ragged hierophants (Desolation)
  2 peacekeepers (Desolation)
  Fannar (D:10)
  A servant of whispers (Desolation)
  3 hydras
  2 demonspawn (Orc:2)
  5 dancing weapons (Elf:1)
  2 catoblepae (Lair:1)
  5 death yaks
  5 orc high priests (Orc:2)
  Sonja (D:12)
  3 deep elf knights (Elf:1)
  3 skysharks
  A deep elf archer (Orc:2)
  5 lindwurms
  8 deep elf pyromancers
  Pikel (D:4)
  8 deep elf zephyrmancers (Elf:1)
  8 orc sorcerers (Orc:2)
  A cyclops (D:12)
  3 orc knights (Orc:2)
  A manticore (D:12)
  3 elephants (Lair:3)
  A smoke demon (Orc:2)
  A black mamba (shapeshifter) (D:8)
  3 black mambas
  A guardian serpent (Desolation)
  A molten gargoyle (Desolation)
  3 kobold blastminers (Orc:2)
  8 cane toads
  3 rime drakes
  5 komodo dragons
  A hydra zombie (Lair:3)
  2 polar bears (Lair:4)
  3 trolls
  12 saltlings (Desolation)
  12 blink frogs
  3 slime creatures (D:12)
  2 wraiths
  4 wyverns
  3 wargs
  3 basilisks
  34 yaks
  A fire elemental (Elf:1)
  A vampire mosquito (D:11)
  2 redbacks (Lair:3)
  A neqoxec (Orc:2)
  8 water moccasins
  20 orc warriors
  7 wolves
  10 ogres
  A lemure (D:4)
  The ghost of 7tar4e the Trooper, an amateur VSFi (D:3)
  2 komodo dragon zombies
  7 bullfrogs
  A gnoll sergeant (D:10)
  3 scorpions
  2 wights (D:8)
  A water moccasin zombie (Lair:3)
  3 yak zombies
  6 electric eels
  2 howler monkeys (D:11)
  A bombardier beetle (D:4)
  2 bullfrog zombies
  2 jellies
  4 hounds
  Crazy Yiuf (D:4)
  17 orc priests
  A sleepcap (D:2)
  2 iguanas
  6 orc wizards
  An ogre zombie (D:7)
  A howler monkey zombie (D:11)
  An orc zombie (D:7)
  3 adders
  A gnoll (D:10)
  A shadow imp (D:8)
  A white imp (D:5)
  A ribbon worm (D:4)
  32 orcs
  9 ball pythons
  7 bats
  6 endoplasms
  A giant cockroach (D:4)
  5 goblins
  3 hobgoblins
  3 kobolds
  3 quokkas
  5 frilled lizards
  5 rats
387 creatures vanquished.

Vanquished Creatures (collateral kills)
  2 hydras
  A two-headed ogre (D:11)
  2 boulder beetles
  3 death yaks
  A lindwurm (Lair:4)
  A harpy (Lair:2)
  An ugly thing (D:12)
  A manticore (D:12)
  2 cyclopes
  3 elephants (Lair:3)
  A black mamba (Lair:2)
  3 cane toads
  A torpor snail (Lair:3)
  A rime drake (Lair:1)
  5 komodo dragons
  A polar bear (Lair:3)
  A hornet (D:9)
  A troll (D:11)
  7 blink frogs
  Sigmund (D:3)
  3 wyverns
  43 yaks
  A basilisk (Lair:3)
  A steam dragon (D:7)
  2 vampire mosquitoes (D:11)
  A warg (Orc:1)
  2 redbacks (Lair:3)
  3 acid dragons
  6 water moccasins
  A swamp drake (D:9)
  3 orc warriors (D:9)
  3 black bears
  2 ice beasts (D:7)
  4 centaurs
  2 ogres (D:5)
  8 wolves
  2 phantoms
  A lemure (D:4)
  A kobold brigand (D:7)
  9 bullfrogs
  3 wights (D:8)
  3 howler monkeys
  An electric eel (Lair:4)
  A gnoll bouda (D:7)
  3 orc priests
  A bombardier beetle (D:6)
  Ijyb (D:4)
  A sleepcap (D:5)
  A hell rat (Lair:4)
  4 orc wizards
  5 adders
  10 gnolls
  A gnoll zombie (D:7)
  A ribbon worm (D:3)
  A dart slug (D:3)
  29 orcs
  6 bats
  An endoplasm (D:3)
  2 goblins
  2 hobgoblins
  3 jackals (D:3)
  4 kobolds
  2 quokkas
  2 ball pythons
  A frilled lizard (D:3)
  3 rats
229 creatures vanquished.

Vanquished Creatures (others)
  A skyshark zombie (Lair:3)
  4 elephant zombies (Lair:3)
  5 blink frog zombies (Lair:4)
  A komodo dragon zombie (Lair:3)
  A bullfrog (Lair:3)
  A wyvern zombie (Lair:2)
  A water moccasin zombie (Lair:1)
  A polar bear zombie (Lair:4)
  21 yak zombies
  4 wolf zombies (Lair:4)
  2 bullfrog zombies (Lair:1)
  A basilisk zombie (Lair:3)
  A howler monkey zombie (D:11)
  An orc (Orc:2)
  7 orc zombies
52 creatures vanquished.

Grand Total: 668 creatures vanquished

Notes
Turn   | Place    | Note
-------+----------+-------------------------------------------
     0 | D:1      | Stirner the Djinni Hedge Wizard began the quest for the
                  | Orb.
     0 | D:1      | Stirner set off with the following spells memorised: Magic
                  | Dart, Slow, Blink, Call Imp, Mephitic Cloud.
     0 | D:1      | Reached XP level 1. HP: 15/15 MP: 0/0
    89 | D:1      | Reached XP level 2. HP: 16/21 MP: 0/0
   375 | D:1      | Reached XP level 3. HP: 25/25 MP: 0/0
   375 | D:1      | Learned a level 1 spell: Summon Small Mammal
   502 | D:1      | Found a faded altar of an unknown god.
   942 | D:2      | Reached XP level 4. HP: 24/31 MP: 0/0
  1324 | D:2      | Reached XP level 5. HP: 29/35 MP: 0/0
  1324 | D:2      | Learned a level 2 spell: Momentum Strike
  1564 | D:3      | Noticed Sigmund
  1683 | D:3      | Found a runed translucent door.
  1684 | D:3      | Noticed 7tar4e's ghost (amateur VSFi)
  2081 | D:3      | Found Arghul's General Store.
  2098 | D:3      | Bought a scroll of poison for 44 gold pieces
  2373 | D:3      | Killed Sigmund
  2374 | D:3      | Reached skill level 5 in Spellcasting
  2374 | D:3      | Reached skill level 5 in Conjurations
  2374 | D:3      | Reached skill level 5 in Hexes
  2374 | D:3      | Reached skill level 5 in Summonings
  2374 | D:3      | Reached skill level 5 in Necromancy
  2374 | D:3      | Reached skill level 5 in Translocations
  2374 | D:3      | Reached skill level 5 in Fire Magic
  2374 | D:3      | Reached skill level 5 in Ice Magic
  2374 | D:3      | Reached skill level 5 in Air Magic
  2374 | D:3      | Reached skill level 5 in Earth Magic
  2374 | D:3      | Reached skill level 5 in Alchemy
  2374 | D:3      | Reached XP level 6. HP: 35/40 MP: 0/0
  2536 | D:3      | Killed 7tar4e's ghost
  2537 | D:3      | Reached XP level 7. HP: 34/45 MP: 0/0
  2537 | D:3      | Learned a level 3 spell: Call Canine Familiar
  2608 | D:4      | Noticed Ijyb
  2683 | D:4      | Killed Ijyb
  2864 | D:4      | Reached skill level 1 in Armour
  2945 | D:4      | Noticed Pikel
  2992 | D:4      | Killed Pikel
  2993 | D:4      | Reached XP level 8. HP: 29/50 MP: 0/0
  3291 | D:4      | Found a staircase to the Ecumenical Temple.
  3297 | Temple   | Entered the Ecumenical Temple
  3475 | Temple   | Became a worshipper of Ashenzari the Shackled
  3619 | D:4      | Found a runed translucent door.
  3620 | D:4      | Noticed Crazy Yiuf
  3719 | D:4      | Reached skill level 1 in Fighting
  3805 | D:4      | Killed Crazy Yiuf
  3840 | D:5      | Entered Level 5 of the Dungeon
  3905 | D:5      | Reached XP level 9. HP: 52/57 MP: 0/0
  3905 | D:5      | Learned a level 4 spell: Passage of Golubria
  3914 | D:5      | Identified the +7 scale mail "Ceishrayl" {+Inv rF+}
  4737 | D:6      | Found Poshuss's Tiny Tomes.
  5233 | D:6      | Reached * piety under Ashenzari
  5489 | D:7      | Reached skill level 10 in Spellcasting
  5489 | D:7      | Reached skill level 10 in Conjurations
  5489 | D:7      | Reached skill level 10 in Hexes
  5489 | D:7      | Reached skill level 10 in Summonings
  5489 | D:7      | Reached skill level 10 in Necromancy
  5489 | D:7      | Reached skill level 10 in Translocations
  5489 | D:7      | Reached skill level 10 in Fire Magic
  5489 | D:7      | Reached skill level 10 in Ice Magic
  5489 | D:7      | Reached skill level 10 in Air Magic
  5489 | D:7      | Reached skill level 10 in Earth Magic
  5489 | D:7      | Reached skill level 10 in Alchemy
  5529 | D:7      | Identified the ring of False Pretenses {*Slow rPois rN+
                  | Will+++ SInv}
  5692 | D:7      | Reached XP level 10. HP: 50/62 MP: 0/0
  5733 | D:7      | Found a transporter.
  5734 | D:7      | Identified the +0 pair of gloves of Joy {rElec Str+4}
  5953 | D:7      | Found a transporter.
  6563 | D:8      | Found Sejoen's Distillery.
  6575 | D:8      | Found Tujirra's Book Boutique.
  6809 | D:8      | Found a corrupted altar of Lugonu.
  6810 | D:8      | Noticed a purple ugly thing
  7208 | D:8      | Found a transporter.
  7209 | D:8      | Noticed a brown ugly thing
  7211 | D:8      | Found a transporter.
  7211 | D:8      | Noticed a red ugly thing
  7442 | D:8      | Reached ** piety under Ashenzari
  7462 | D:8      | Noticed a black mamba
  7472 | D:8      | Killed a black mamba
  7473 | D:8      | Reached skill level 1 in Evocations
  7486 | D:8      | Identified the staff of True Grit {*Corrode +Blink rC+
                  | Str+2 Stlth+ Ice}
  7552 | D:8      | Found a staircase to the Lair.
  7573 | D:8      | Found Piluseir's Assorted Antiques.
  7791 | D:9      | Reached XP level 11. HP: 69/73 MP: 0/0
  7791 | D:9      | Learned a level 4 spell: Animate Dead
  7984 | D:9      | Found a staircase to the Orcish Mines.
  8371 | D:9      | Reached *** piety under Ashenzari
  8576 | Lair:1   | Entered Level 1 of the Lair of Beasts
  8712 | Lair:1   | Reached skill level 5 in Fighting
  8942 | Lair:1   | Noticed a catoblepas
  9295 | D:10     | Entered Level 10 of the Dungeon
  9296 | D:10     | Noticed Fannar
  9818 | D:10     | Reached **** piety under Ashenzari
 10326 | D:10     | Killed Fannar
 10327 | D:10     | Reached XP level 12. HP: 71/86 MP: 0/0
 10408 | D:10     | Found the amulet of Elemental Vulnerability {rPois rF--
                  | rC-- AC+8}
 10774 | D:10     | Reached skill level 1 in Shields
 11265 | D:11     | Noticed a boulder beetle
 11285 | D:11     | Killed a boulder beetle
 11286 | D:11     | Reached skill level 5 in Shields
 11488 | D:11     | Identified the +1 hat "Tuocid" {rC+ rN+}
 11565 | D:11     | Noticed a two-headed ogre
 11573 | D:11     | Killed a two-headed ogre
 12316 | D:12     | Noticed Sonja
 12324 | D:12     | Killed Sonja
 12645 | D:12     | Reached XP level 13. HP: 69/92 MP: 0/0
 12645 | D:12     | Learned a level 5 spell: Iskenderun's Battlesphere
 13632 | Orc:1    | Entered Level 1 of the Orcish Mines
 13873 | Orc:2    | Entered Level 2 of the Orcish Mines
 13887 | Orc:2    | Noticed Jorgrun
 14858 | Lair:1   | Killed a catoblepas
 15610 | Lair:1   | Found a runed translucent door.
 15623 | Lair:1   | Reached skill level 5 in Evocations
 15698 | Lair:1   | Noticed a catoblepas
 15698 | Lair:1   | Identified the +1 morningstar of Havoc {venom, rF- rC+
                  | Dex+3}
 15698 | Lair:1   | Identified a scroll of acquirement
 15703 | Lair:1   | Killed a catoblepas
 16271 | Lair:2   | Reached ***** piety under Ashenzari
 16995 | Lair:2   | Noticed a four-headed hydra
 17002 | Lair:2   | Killed a four-headed hydra
 17044 | Lair:2   | Found a staircase to the Shoals.
 17451 | Lair:2   | Reached skill level 15 in Spellcasting
 17451 | Lair:2   | Reached skill level 15 in Conjurations
 17451 | Lair:2   | Reached skill level 15 in Hexes
 17451 | Lair:2   | Reached skill level 15 in Summonings
 17451 | Lair:2   | Reached skill level 15 in Necromancy
 17451 | Lair:2   | Reached skill level 15 in Translocations
 17451 | Lair:2   | Reached skill level 15 in Fire Magic
 17451 | Lair:2   | Reached skill level 15 in Ice Magic
 17451 | Lair:2   | Reached skill level 15 in Air Magic
 17451 | Lair:2   | Reached skill level 15 in Earth Magic
 17451 | Lair:2   | Reached skill level 15 in Alchemy
 17606 | Lair:2   | Reached XP level 14. HP: 89/103 MP: 0/0
 18144 | Lair:3   | Identified the ring "Taohaun" {rElec rC+ Int+6}
 18254 | Lair:3   | Found a hole to the Spider Nest.
 19258 | D:8      | Bought a manual of Dodging for 1200 gold pieces
 19401 | Lair:3   | Identified the +5 executioner's axe "Susuess" {flame, rF++
                  | Dex+3}
 19875 | Lair:4   | Reached skill level 5 in Dodging
 20275 | Lair:4   | Reached XP level 15. HP: 98/112 MP: 0/0
 20275 | Lair:4   | Learned a level 6 spell: Plasma Beam
 20881 | Lair:4   | Reached skill level 10 in Fighting
 21820 | Orc:2    | Killed Jorgrun
 22796 | Orc:2    | Found a staircase to the Elven Halls.
 22802 | Orc:2    | Noticed an orc warlord
 22807 | Orc:2    | Killed an orc warlord
 23035 | Orc:2    | Found Racyoqyxyus's General Store.
 23078 | Orc:2    | Found Ifyadung's Magic Scroll Boutique.
 23312 | Orc:2    | Reached skill level 10 in Dodging
 23916 | Orc:2    | Found Voxunkob's Jewellery Shoppe.
 23916 | Orc:2    | Found Jifane's Antique Weapon Emporium.
 23916 | Orc:2    | Found a one-way gate leading to the halls of Pandemonium.
 24493 | Elf:1    | Entered Level 1 of the Elven Halls
 24502 | Elf:1    | Reached XP level 16. HP: 56/121 MP: 0/0
 24674 | Elf:1    | Noticed Frances
 24975 | Elf:1    | Killed Frances
 24986 | Elf:1    | Found a crumbling gateway.
 25001 | Desolati | Entered the Desolation of Salt
 25096 | Desolati | Identified the +5 chain mail of Demons {Rampage +Blink
                  | Will- Stlth+}
 25096 | Desolati | Identified the Compilation of Deathly Destruction
 25096 | Desolati | Identified the scarf "Win Hojeet" {rC+ rF+, Rampage Dex+3
                  | Slay+2}
 25100 | Desolati | Identified the +7 halberd of Living Purpose {flame, Will+
                  | Str-5 Dex+2}
 25279 | Desolati | HP: 5/122 [peacekeeper (16)]
 25313 | Desolati | HP: 1/122 [ragged hierophant/a resonance strike (14)]
 25450 | Desolati | Identified the cursed scarf "Perceptive Pantheism" {rC+
                  | rF+, Cun, Elem} (You found it on level 2 of the Lair of
                  | Beasts)
 25450 | Desolati | Identified the cursed +0 helmet "Nihilism of Ashenzari"
                  | {Self, Bglg} (You found it on level 7 of the Dungeon)
 25450 | Desolati | Identified the cursed +0 pair of gloves of Ashenzari's
                  | Vexation {Bglg, Comp} (You found it on level 1 of the
                  | Dungeon)
 25450 | Desolati | Identified the cursed +2 leather armour "Share My
                  | Desperation" {rC+, Bglg, Elem} (You took it off Ijyb on
                  | level 4 of the Dungeon)
 25483 | Desolati | Slain by a saltling

Illustrated notes

Levels and vault maps discovered:
D:1:      wander_arrival_peaceful_grave, layout_loops_cross,
          basic_ecumenical_altar, minmay_pentomino_p4
D:2:      layout_loops_ring
D:3:      layout_basic, serial_shops, shop, ebering_ghost_sewer_d, uniq_sigmund
D:4:      layout_basic, minmay_temple_entry_fiery, uniq_ijyb, uniq_pikel,
          uniq_crazy_yiuf_cottage
D:5:      layout_rooms, hangedman_abyss_or_decor_stabs, minmay_puff
D:6:      layout_loops_ring, nicolae_shop_i_like_small_books_too
D:7:      gammafunk_cloud_chamber, layout_basic, minmay_misc_feat_nine_boxes
D:8:      gammafunk_corrupted_shrine, layout_loops_ring,
          nicolae_kikubaaqudgha_miasma_corner, lair_entry_dummy, serial_shops,
          nicolae_shop_tiny_real_fake_doors, nicolae_shop_stone,
          nicolae_shop_waterfront, minmay_misc_feat_encased,
          kennysheep_just_a_vault
D:9:      layout_roguey, erik_orc_1
D:10:     layout_grid_maze, uniq_fannar
D:11:     layout_cave_pools, grunt_ministairs_9
D:12:     layout_roguey, uniq_sonja
Temple:   mainiacjoe_temple_archimedes_tessellation
Lair:1:   gammafunk_lair_enchanted_lake, layout_gridlike, grunt_megastairs_4,
          serial_bayou_shore_b
Lair:2:   layout_cave_pods, nicolae_shoals_entry_roost,
          grunt_forest_small_clearings, st_stairs_10, minivault_19,
          grunt_megastairs_3
Lair:3:   nzn_winding_woodlands_three_and_one [nzn_winding_woodlands_5x15_twine,
          nzn_winding_woodlands_5x15_sawtooth,
          nzn_winding_woodlands_5x15_longhouse,
          nzn_winding_woodlands_center_pierced_h], layout_loops_ring,
          spider_nest_entry_a, minmay_lindwurm_lava, lemuel_fruit_tree
Lair:4:   layout_long_grid, serial_bayou, serial_bayou_pond_b,
          serial_bayou_lake_a, serial_bayou_crossing, serial_bayou_ford_a,
          serial_bayou_pond_b, serial_bayou_lagoon_a
Orc:1:    layout_caves
Orc:2:    pf_orc_diabolical, layout_caves, basic_altar, elf_legates,
          uniq_jorgrun
Elf:1:    eino_elf_arrival_shootout, layout_loops_corners,
          portal_desolation_entry_ruin, hangedman_elven_crosses_minicolossus,
          lemuel_upstairs_altar, uniq_nikola, uniq_frances
Desolation

Skill      XL: |  1  2  3  4  5  6  7  8  9 10 11 12 13 14 15 16 |
---------------+-------------------------------------------------+-----
Stealth        | 2 |  2.0
Dodging        | 3 6 11 12 | 12.5
Spellcasting   | 4 5 7 8 10 11 13 14 15 16 17 | 17.1
Conjurations   | 4 5 7 8 10 11 13 14 15 16 17 | 17.1
Hexes          | 4 5 7 8 10 11 13 14 15 16 17 | 17.1
Summonings     | 4 5 7 8 10 11 13 14 15 16 17 | 17.1
Necromancy     | 4 5 7 8 10 11 13 14 15 16 17 | 17.1
Translocations | 4 5 7 8 10 11 13 14 15 16 17 | 17.1
Fire Magic     | 4 5 7 8 10 11 13 14 15 16 17 | 17.1
Ice Magic      | 4 5 7 8 10 11 13 14 15 16 17 | 17.1
Air Magic      | 4 5 7 8 10 11 13 14 15 16 17 | 17.1
Earth Magic    | 4 5 7 8 10 11 13 14 15 16 17 | 17.1
Alchemy        | 4 5 7 8 10 11 13 14 15 16 17 | 17.1
Armour         | 1 2 |  2.3
Fighting       | 1 4 6 8 9 11 12 | 12.0
Evocations     | 2 4 5 6 7 |  7.7
Shields        | 6 8 |  8.1

Action                     |  1- 3 |  4- 6 |  7- 9 | 10-12 | 13-15 | 16-18 || total
---------------------------+-------+-------+-------+-------+-------+-------++-------
  Melee: Dagger            |    30 |     4 |       |       |       |       ||    34
         War axe           |       |     6 |     4 |     7 |       |       ||    17
         Staff             |       |       |       |     8 |    16 |       ||    24
         Punch             |       |       |       |     1 |       |       ||     1
   Cast: Magic Dart        |    40 |    57 |    52 |    86 |   309 |    53 ||   597
         Summon Small Mamm |    11 |    44 |    32 |    66 |    14 |       ||   167
         Call Imp          |     5 |    25 |    36 |    68 |    29 |       ||   163
         Blink             |     1 |       |     2 |    17 |    27 |     9 ||    56
         Slow              |     1 |       |     1 |    11 |     4 |       ||    17
         Momentum Strike   |       |     2 |    41 |    85 |    91 |     2 ||   221
         Call Canine Famil |       |       |    31 |    87 |    40 |     3 ||   161
         Mephitic Cloud    |       |       |     4 |    10 |    58 |       ||    72
         Animate Dead      |       |       |       |     9 |    14 |       ||    23
         Passage of Golubr |       |       |       |     1 |       |       ||     1
         Iskenderun's Batt |       |       |       |       |    92 |    12 ||   104
         Plasma Beam       |       |       |       |       |    93 |    22 ||   115
 Invoke: Curse Item        |       |       |     2 |     4 |     4 |     1 ||    11
         Shatter the Chain |       |       |       |       |     3 |       ||     3
  Evoke: Wand              |       |       |       |     5 |     1 |    30 ||    36
    Use: Potion            |       |       |       |     3 |     1 |     7 ||    11
         Scroll            |       |       |       |     1 |       |    12 ||    13
   Stab: Sleeping          |     1 |     1 |       |       |       |       ||     2
 Armour: Robe              |    19 |    23 |     7 |       |       |       ||    49
         Plate armour      |    17 |       |       |       |       |       ||    17
         Leather armour    |       |       |    15 |    81 |    95 |    37 ||   228
         Skin              |       |       |       |       |       |     6 ||     6
  Dodge: Dodged            |    18 |    19 |    22 |    54 |    64 |    34 ||   211
  Block: Kite shield       |       |       |       |    20 |    85 |    27 ||   132
